 Dungeon Crawl Stone Soup version 0.29.1-2-gbd0b4ee654 (webtiles) character file.

Game seed: 481676557790904339

98 DildoBatman the Conjurer (level 5, 0/35 HPs)
             Began as a Formicid Conjurer on Nov 10, 2022.
             Killed by nerve-wracking pain
             ... invoked by Grinder
              (13 damage)
             ... on level 3 of the Dungeon.
             The game lasted 00:04:40 (1726 turns).

DildoBatman the Conjurer (Formicid Conjurer)        Turns: 1726, Time: 00:04:40

Health: 0/35       AC:  8    Str: 11    XL:     5   Next: 0%
Magic:  4/8        EV: 12    Int: 18    God:
Gold:   116        SH:  0    Dex: 14    Spells: 3/8 levels left

rFire   . . .      SeeInvis +   b - +1 dagger (venom)
rCold   . . .      Faith    .   (no shield)
rNeg    . . .      Spirit   .   i - +0 robe
rPois   .          Reflect  .   (helmet unavailable)
rElec   .          Harm     .   g - +1 cloak
rCorr   .          Rampage  .   o - +2 pair of gloves
Will    .....                   p - +0 pair of boots
Stlth   ++........              (no amulet)
HPRegen 0.11/turn               (no ring)
MPRegen 0.11/turn               (no ring)

@: no status effects
A: permanent stasis, dig shafts and tunnels, antennae 3, four strong arms
a: Dig, Shaft Self


You were on level 3 of the Dungeon.
You visited 1 branch of the dungeon, and saw 3 of its levels.

You collected 116 gold pieces.

Inventory:

Hand Weapons
 a - a +0 vampiric whip
 b - a +1 dagger of venom (weapon)
Missiles
 e - 17 stones
 l - 7 poisoned darts
Armour
 g - a +1 cloak (worn)
 i - a +0 robe (worn)
 o - a +2 pair of gloves (worn)
 p - a +0 pair of boots (worn)
Scrolls
 d - a scroll of vulnerability {unknown}
 j - a scroll of fog {unknown}
 m - a scroll of poison {unknown}
 q - a scroll of torment {unknown}
 s - a scroll of silence {unknown}
Potions
 c - 2 potions of attraction {unknown}
 k - a potion of degeneration {unknown}
 n - a potion of resistance {unknown}
 r - 4 potions of curing {unknown}
 t - a potion of cancellation {unknown}
 u - a potion of magic


   Skills:
 - Level 1.7 Dodging
 - Level 2.4 Stealth
 - Level 2.1 Spellcasting
 * Level 5.4 Conjurations


You had 3 spell levels left.
You knew the following spells:

 Your Spells              Type           Power      Damage    Failure   Level
a - Searing Ray           Conj           42%        2d6       3%          2
c - Magic Dart            Conj           84%        1d7       1%          1
z - Sublimation of Blood  Necr           1%         N/A       26%         2

Your spell library contained the following spells:

 Spells                   Type           Power      Damage    Failure   Level
 Dazzling Flash           Conj/Hex       22%        N/A       17%         3
 Apportation              Tloc           2%         N/A       19%         1
 Beastly Appendage        Tmut           2%         N/A       19%         1
 Necrotise                Necr           4%         1d4       19%         1
 Summon Small Mammal      Summ           4%         N/A       19%         1
 Wereblood                Tmut           1%         N/A       26%         2
 Spider Form              Tmut/Pois      1%         N/A       47%         3
 Fulminant Prism          Conj/Hex       5%         3d7       50%         4
 Iskenderun's Mystic Bla  Conj/Tloc      11%        2d4       50%         4
 Summon Hydra             Summ           0%         N/A       100%        7


Dungeon Overview and Level Annotations

Branches:
Dungeon (3/15)

Altars:

Annotations:
D:3 Grinder


Innate Abilities, Weirdness & Mutations

You cannot be hasted, slowed, berserked, paralysed or teleported.
You can dig through walls and to a lower floor.
You have a pair of large antennae on your head. (SInv)
Your four strong arms can wield two-handed weapons with a shield.


Message History

Grinder blinks!
You hear the slow rusting of a very distant drain.
Grinder shouts!
Grinder blinks!
Grinder closely misses you.
Grinder blinks!
Grinder says, "Just stop there for a second..."
Grinder gestures at you. You resist with significant effort.
Grinder gestures at you.
You struggle to resist.
Grinder blinks!
You see here a fuming dark potion.
Grinder attacks as you move away! Grinder closely misses you.
Grinder attacks as you move away! Grinder closely misses you. Grinder hits you!
You writhe in agony.
Okay, then.
Casting: Searing Ray (safe; 3% risk of failure)
Confirm with . or Enter, or press ? or * to list all spells.
Aiming: Searing Ray (safe; 3% risk of failure)
Press: ? - help, Shift-Dir - straight line, f - Grinder
Aim: Grinder (fast, 75% to hit)
The searing ray hits Grinder.
Grinder is lightly wounded. (Press . to maintain the ray.) Grinder hits you but does no damage.
The searing ray hits Grinder.
Grinder is lightly wounded.
Grinder hits you.
You writhe in agony.
Grinder hits you.
You writhe in agony.
The searing ray hits Grinder.
Grinder is moderately wounded.
Grinder gestures at you. Pain shoots through your body!
You die...

####.# #.. #.#
..†..# ### #.#
#.# ####.# ..#
#.# #.# #.# #.#
#.# #.# #.# #.#
#.# #5# #.# #.#
#.# #.# #.# #.#
#.# #.#
#.#############.#
#.# #.#
#.#..........@..#
#.# #.#
#.#.##########5.#
#.#######.#
#.#.##
#..####.........#
#....#
#$..!...#########
#..#.# #.......#
##...# #########
#####


You could see Grinder (fast).

Vanquished Creatures
  3 adders
  3 worms
  2 dart slugs (D:2)
  5 bats
  8 endoplasms
  2 giant cockroaches
  6 goblins
  7 hobgoblins
  4 kobolds (D:1)
  2 quokkas
  4 ball pythons
  3 frilled lizards
  7 rats
56 creatures vanquished.

Notes
Turn   | Place    | Note
-------+----------+-------------------------------------------
     0 | D:1      | DildoBatman the Formicid Conjurer began the quest for the
                  | Orb.
     0 | D:1      | Reached XP level 1. HP: 13/13 MP: 3/3
   165 | D:1      | Reached XP level 2. HP: 8/19 MP: 0/5
   172 | D:1      | Reached skill level 4 in Conjurations
   226 | D:1      | Learned a level 2 spell: Searing Ray
   273 | D:1      | Reached XP level 3. HP: 14/24 MP: 0/6
   465 | D:1      | Found a faded altar of an unknown god.
   944 | D:2      | Reached XP level 4. HP: 29/30 MP: 3/7
   946 | D:2      | Reached skill level 5 in Conjurations
  1496 | D:2      | Learned a level 2 spell: Sublimation of Blood
  1679 | D:3      | Reached XP level 5. HP: 28/35 MP: 8/8
  1693 | D:3      | Noticed Grinder
  1726 | D:3      | Killed from afar by Grinder

Illustrated notes

Levels and vault maps discovered:
D:1:      kilobyte_arrival_exit_the_forest, layout_loops_cross,
          hellmonk_ecumenical_altar_heavens_door, st_stairs_12
D:2:      layout_basic, amethyst_killhole, kennysheep_donut, minmay_misc_feat_x
D:3:      layout_loops_ring, gup_sewer_entry_bowl, uniq_grinder

Skill      XL: |  1  2  3  4 |
---------------+-------------+-----
Conjurations   | 4 5 |  5.4
Dodging        | |  1.7
Stealth        | |  2.4
Spellcasting   | |  2.1

Action                   |  1- 3 |  4- 6 || total
-------------------------+-------+-------++-------
Melee: Unarmed           |     8 |       ||     8
       Whip              |    27 |    14 ||    41
       Punch             |     1 |       ||     1
       Dagger            |       |    27 ||    27
 Cast: Magic Dart        |    23 |    10 ||    33
       Searing Ray       |     5 |     3 ||     8
 Stab: Sleeping          |     1 |     3 ||     4
Armor: Robe              |    13 |    11 ||    24
Dodge: Dodged            |    36 |    21 ||    57
